 Dungeon Crawl Stone Soup version 0.27-a0-906-g0a00ce863d (webtiles) character file.

Game seed: 2201591898351279267

968 wakim the Insei (level 8, 0/48 HPs)
             Began as an Octopode Transmuter on Apr 7, 2021.
             Was a Follower of the Shining One.
             Slain by an adder (3 damage)
             ... on level 6 of the Dungeon.
             The game lasted 00:17:50 (7304 turns).

wakim the Insei (Octopode Transmuter)               Turns: 7304, Time: 00:17:50

Health: 0/48       AC:  1    Str:  9    XL:     8   Next: 15%
Magic:  12/12      EV: 14    Int: 18    God:    the Shining One [*.....]
Gold:   284        SH:  0    Dex: 12    Spells: 4/13 levels left

rFire    . . .     SeeInvis .     - Unarmed
rCold    . . .     Faith    .   (no shield)
rNeg     . . .     Spirit   .   (helmet restricted)
rPois    .         Reflect  .   (no amulet)
rElec    .         Harm     .   (no ring)
rCorr    .         Rampage  .   (no ring)
Will     .....                  (no ring)
Stlth    ++........             (no ring)
HPRegen  0.16/turn              (no ring)
MPRegen  0.13/turn              (no ring)
                                (no ring)
                                (no ring)

@: slowed, glowing, very slow
A: almost no armour, amphibious, 8 rings, camouflage 1, gelatinous body 1,
(nimble swimmer 1), tentacles
a: Renounce Religion


You were on level 6 of the Dungeon.
You worshipped the Shining One.
The Shining One was aware of your devotion.
You visited 2 branches of the dungeon, and saw 7 of its levels.

You collected 302 gold pieces.
You donated 18 gold pieces to Zin.

Inventory:

Missiles
 b - 5 atropa-tipped darts
Wands
 v - a wand of flame (14)
Scrolls
 a - 2 scrolls of enchant armour
 r - 2 scrolls of identify
 T - 6 scrolls of teleportation
 Y - 2 scrolls of blinking
Potions
 F - a potion of curing
 G - a potion of flight
 J - 3 potions of heal wounds
 O - 2 potions of resistance


   Skills:
 - Level 1.0 Fighting
 + Level 4.7 Dodging
 - Level 4.0 Stealth
 + Level 5.4 Unarmed Combat
 - Level 3.0 Spellcasting
 * Level 4.8 Transmutations
 - Level 3.0 Poison Magic


You had 4 spell levels left.
You knew the following spells:

 Your Spells              Type           Power      Damage    Failure   Level
a - Beastly Appendage     Tmut           40%        N/A       2%          1
b - Hydra Form            Tmut           10%        N/A       52%         5
x - Spider Form           Tmut/Pois      8%         N/A       10%         3

Your spell library contained the following spells:

 Spells                   Type           Power      Damage    Failure   Level
 Wereblood                Tmut           20%        N/A       3%          2
 Ice Form                 Ice/Tmut       11%        N/A       52%         4


Dungeon Overview and Level Annotations

Branches:
Dungeon (6/15)             Temple (1/1) D:4

Altars:
Ashenzari
Dithmenos
Elyvilon
Gozag
Hepliaklqana
Kikubaaqudgha
Makhleb
Nemelex Xobeh
Okawaru
Qazlal
Ru
Sif Muna
Trog
Uskayaw
Vehumet
Wu Jian
Xom
Yredelemnul
Zin
The Shining One

Annotations:
D:2 Natasha, Sigmund
D:4 1 runed translucent door, Lanoc's ghost, novice HOAr
D:5 3 runed translucent doors, gus3d's ghost, amateur OpMo


Innate Abilities, Weirdness & Mutations

You cannot wear most types of armour.
You are amphibious.
You can wear up to eight rings at the same time.
Your skin changes colour to match your surroundings (Stealth+).
Your rubbery body absorbs attacks. (AC +1, EV +1)
((You are camouflaged near water. (Stealth+)))
You have tentacles for arms and can constrict up to eight enemies at once.


Message History

The kobold brigand is wielding a +0 whip and quivering curare-tipped darts.
The adder hisses angrily. x2; The iguana hisses angrily.
You hear a shout!
The hound barks!
A centaur comes into view.
The sky beast flickers out of sight!
Deactivating autopickup; reactivate with Ctrl-A.
A black bear comes into view.
The kobold brigand throws a curare-tipped dart.
The curare-tipped dart hits you.
You are poisoned.
You have difficulty breathing.
You feel yourself slow down.
You feel very sick.
You feel very sick. The adder bites you but does no damage.
You feel very sick. The adder closely misses you.
You feel sick. The adder bites you.
You are more poisoned.
The adder poisons you!
You feel very sick. The adder bites you.
* * * LOW HITPOINT WARNING * * *
You are more poisoned.
The adder poisons you!
You feel very sick. The hound barely misses you. The adder bites you.
* * * LOW HITPOINT WARNING * * *
The hound bites you.
* * * LOW HITPOINT WARNING * * *
You feel better. The hound bites you.
* * * LOW HITPOINT WARNING * * *
The adder bites you.
* * * LOW HITPOINT WARNING * * *
The hound closely misses you. The adder bites you.
* * * LOW HITPOINT WARNING * * *
The hound bites you.
* * * LOW HITPOINT WARNING * * *
The adder barely misses you. The adder bites you.
You die... ### ########## ### #<####........# ..{# #.##......#...# l.h.h

#.##..Sl.##.l.#......
#.#..@hc.##...hS.....
#.....S####...#cK....
#......###### #...#
..... ######## #...#
...# #...# ### #...#
+...# #...#


You could see a centaur, an iguana, a hound and 2 adders.

Vanquished Creatures
  An orc warrior (D:5)
  A black bear (D:5)
  2 necrophages
  A scorpion (D:6)
  A water moccasin skeleton (D:4)
  A howler monkey (D:5)
  A hound (D:6)
  A centaur skeleton (D:5)
  3 orc priests
  2 iguanas (D:5)
  3 orc wizards
  5 adders
  A worm (D:2)
  2 dart slugs
  15 orcs
  7 bats
  7 endoplasms
  5 giant cockroaches
  5 goblins
  9 hobgoblins
  24 jackals
  6 kobolds
  3 quokkas
  3 ball pythons
  2 frilled lizards (D:2)
  6 rats
117 creatures vanquished.

Notes
Turn   | Place    | Note
-------+----------+-------------------------------------------
     0 | D:1      | wakim the Octopode Transmuter began the quest for the Orb.
     0 | D:1      | Reached XP level 1. HP: 13/13 MP: 3/3
   271 | D:1      | Reached skill level 1 in Stealth
   271 | D:1      | Reached XP level 2. HP: 12/18 MP: 5/5
   795 | D:1      | Reached XP level 3. HP: 21/23 MP: 6/6
  1698 | D:1      | Learned a level 3 spell: Spider Form
  1947 | D:2      | Found a faded altar of an unknown god.
  1967 | D:2      | Became a worshipper of Elyvilon the Healer
  1967 | D:2      | Reached * piety under Elyvilon
  2110 | D:2      | Noticed Natasha
  2578 | D:2      | Reached XP level 4. HP: 28/28 MP: 7/7
  2708 | D:2      | Reached skill level 4 in Unarmed Combat
  2756 | D:2      | Noticed Sigmund
  3091 | D:3      | Reached ** piety under Elyvilon
  3768 | D:3      | Reached XP level 5. HP: 26/33 MP: 5/8
  4120 | D:4      | Found a staircase to the Ecumenical Temple.
  4122 | D:4      | You fall into a shaft and drop 1 floor!
  4122 | D:5      | Entered Level 5 of the Dungeon
  4195 | D:5      | Reached skill level 1 in Poison Magic
  4208 | D:5      | Reached XP level 6. HP: 38/38 MP: 6/9
  4286 | D:5      | Noticed a necrophage
  4360 | D:5      | Noticed a water moccasin
  4374 | D:5      | Found a runed translucent gate.
  4374 | D:5      | Found a runed translucent gate.
  4374 | D:5      | Found a runed translucent gate.
  4374 | D:5      | Noticed a necrophage
  4375 | D:5      | Noticed gus3d's ghost (amateur OpMo)
  4509 | D:4      | Found a runed translucent door.
  4509 | D:4      | Noticed Lanoc's ghost (novice HOAr)
  4583 | Temple   | Entered the Ecumenical Temple
  4665 | Temple   | Fell from the grace of Elyvilon
  4665 | Temple   | Became a worshipper of Zin the Law-Giver
  4665 | Temple   | Reached * piety under Zin
  4665 | Temple   | Reached ** piety under Zin
  4865 | D:4      | Found an ornate altar of the Wu Jian Council.
  4927 | Temple   | Fell from the grace of Zin
  4927 | Temple   | Became a worshipper of the Shining One
  5015 | D:4      | Reached * piety under the Shining One
  5581 | D:4      | Noticed a necrophage
  5583 | D:4      | Identified the +0 plate armour "Beuwurekh" {Harm Will+
                  | Str+4}
  5600 | D:4      | Killed a necrophage
  5608 | D:4      | Reached XP level 7. HP: 32/43 MP: 8/10
  6067 | D:5      | Found a white marble altar of Elyvilon.
  6708 | D:6      | Reached skill level 5 in Unarmed Combat
  6770 | D:6      | Noticed a two-headed ogre
  6831 | D:5      | Learned a level 5 spell: Hydra Form
  6842 | D:6      | Reached XP level 8. HP: 32/48 MP: 12/12
  6980 | D:6      | HP: 1/48 [orc warrior/+0 battleaxe (5)]
  7304 | D:6      | Slain by an adder

Illustrated notes

Levels and vault maps discovered:
D:1:      arrival_zaba_pyramid, layout_basic, lemuel_old_faithful
D:2:      layout_basic, ebering_ecumenical_altar_webs, minmay_bisected,
          uniq_sigmund, uniq_natasha
D:3:      layout_loops_ring
D:4:      layout_cave_pools, pdpol_wu_jian_five_deadly_venoms, temple_fountains,
          gammafunk_ghost_grave, st_stairs_12, minmay_checkerbox
D:5:      layout_basic, elyvilon_altar_5, gammafunk_ghost_split,
          item_on_display_a
D:6:      minmay_opposing_rooms, layout_basic, chequers_mini_garden, hex_large
Temple:   dpeg_five_rooms_temple

Skill      XL: |  1  2  3  4  5  6  7 |
---------------+----------------------+-----
Stealth        | 1 2 3 4 |  4.0
Unarmed Combat | 4 5 |  5.4
Dodging        | 3 4 |  4.7
Poison Magic   | 1 2 3 |  3.0
Transmutations | 3 4 |  4.8
Spellcasting   | 3 |  3.0
Fighting       | |  1.0

Action                   |  1- 3 |  4- 6 |  7- 9 || total
-------------------------+-------+-------+-------++-------
Melee: Unarmed           |    97 |   144 |    74 ||   315
       Constrict         |    30 |    23 |     4 ||    57
       Kick              |    20 |    10 |     5 ||    35
       Tentacles         |    11 |    12 |     4 ||    27
       Punch             |     2 |     3 |       ||     5
 Cast: Beastly Appendage |    25 |    20 |     3 ||    48
       Spider Form       |       |     5 |     9 ||    14
  Use: Scroll            |     4 |     6 |     3 ||    13
       Potion            |       |       |     1 ||     1
 Stab: Sleeping          |     7 |     7 |       ||    14
Armor: Skin              |    11 |    12 |     4 ||    27
Dodge: Dodged            |    47 |    97 |    61 ||   205

Table legend: (Time is in decaauts)
 A = Elapsed time spent in this place.
 B = Non-inter-level travel time spent in this place.
 C = Inter-level travel time spent in this place.
 D = Time resting spent in this place.
 E = Time spent auto-exploring this place.
 F = Levels seen in this place.
 G = Mean time per level.
                   A        B        C        D        E       F      G
               +--------+--------+--------+--------+--------+-----+--------+
         Total |   7287 |   6917 |    370 |    292 |   5491 |   7 | 1041.0 |
       Dungeon |   6918 |   6696 |    222 |    292 |   5289 |   6 | 1153.0 |
        Temple |    368 |    220 |    148 |      0 |    202 |   1 |  368.0 |
               +--------+--------+--------+--------+--------+-----+--------+

Top non-repeatable levels by time:
     D:1: 1694 daAuts
     D:2: 1491 daAuts
     D:5: 1454 daAuts
     D:4: 1068 daAuts
     D:3: 941 daAuts
  Temple: 368 daAuts
     D:6: 267 daAuts
